 Dungeon Crawl Stone Soup version 0.25-a0-200-g5ba96148f3 (webtiles) character file.

Game seed: 2412963946220055933, levelgen mode: deterministic

30207 floatRand the Blocker (level 12, 0/144 HPs)
             Began as a Demigod Fighter on Dec 1, 2019.
             Headbutted by a minotaur (8 damage)
             ... in a Gauntlet.
             The game lasted 00:27:03 (18535 turns).

floatRand the Blocker (Demigod Fighter)            Turns: 18535, Time: 00:27:03

Health: 0/144      AC: 12    Str: 24    XL:     12   Next: 89%
Magic:  15/15      EV: 18    Int: 14    God:
Gold:   138        SH: 15    Dex: 25    Spells: 9/11 levels left

rFire    + . .     SeeInvis .   z - +8 spear of Fee Simple {venom, rElec rPois Dex+4}
rCold    + . .     Gourm    .   c - +1 shield
rNeg     . . .     Faith    .   D - +3 scale mail "Domaunt" {Stlth+}
rPois    +         Spirit   .   l - +0 helmet
rElec    +         Reflect  .   v - scarf {rC+ rF+}
rCorr    .         Harm     .   i - +0 pair of gloves
MR       +....     NoTele   +   (no boots)
Stlth    ..........             (no amulet)
HPRegen  0.34/turn              B - +3 ring of evasion
MPRegen  0.14/turn              y - +4 ring of intelligence

@: berserking, very quick
A: claws 1, camouflage 1, dopey 1, high mp 1, weak 1
a: no special abilities


You were in a Gauntlet.
You were not hungry.

You visited 2 branches of the dungeon, and saw 14 of its levels.
You also visited: Ossuary and Gauntlet.

You collected 942 gold pieces.
You spent 804 gold pieces at shops.

Inventory:

Hand Weapons
 o - a +2 flail of protection
 z - the +8 spear of Fee Simple (weapon) {venom, rElec rPois Dex+4}
   (You found it on level 6 of the Dungeon)

   It poisons the flesh of those it strikes.
   It affects your dexterity (+4).
   It insulates you from electricity.
   It protects you from poison.
Missiles
 w - 2 javelins (quivered)
 J - 9 curare-tipped darts
Armour
 c - a +1 shield (worn)
 i - a +0 pair of gloves (worn)
 l - a +0 helmet (worn)
 v - a scarf of resistance (worn)
 D - the +3 scale mail "Domaunt" (worn) {Stlth+}
   (You bought it in a shop on level 5 of the Dungeon)

   It makes you more stealthy.
 I - a scarf of spirit shield
 M - the +3 ring mail of Midwinter {rC+ rN+ Dex+4 Stlth-}
   (You bought it in a shop on level 5 of the Dungeon)

   It affects your dexterity (+4).
   It protects you from cold.
   It protects you from negative energy.
   It makes you less stealthy.
Jewellery
 b - a +2 ring of strength
 j - a +3 ring of protection {unknown}
 y - a +4 ring of intelligence (right hand)
 B - a +3 ring of evasion (left hand)
 L - a cursed ring of protection from fire
Wands
 p - a wand of random effects (12)
 t - a wand of paralysis (9)
 u - a wand of flame (66)
 H - a wand of iceblast (5)
Scrolls
 a - a scroll of identify
 e - 2 scrolls of enchant armour
 q - 8 scrolls of teleportation
 x - 2 scrolls of amnesia
 C - 3 scrolls of enchant weapon
 F - 3 scrolls of remove curse
Potions
 d - a potion of might
 g - a potion of berserk rage
 h - a potion of magic
 k - a potion of cancellation
 m - a potion of brilliance
 n - 4 potions of curing
 r - 3 potions of resistance
 s - 5 potions of mutation
 A - 2 potions of flight
 E - 3 potions of haste
 G - 2 potions of lignification {unknown}
 K - 4 potions of heal wounds
Comestibles
 f - 21 rations


   Skills:
 - Level 6.0 Fighting
   Level 6.3 Long Blades
 + Level 10.6 Polearms
 + Level 4.4 Armour
 + Level 6.3 Dodging
 - Level 10.5 Stealth
 + Level 11.0 Shields


You had 9 spell levels left.
You knew the following spells:

 Your Spells              Type           Power        Failure   Level  Hunger
a - Blink                 Tloc           N/A          86%         2    ###....

Your spell library contained the following spells:

 Spells                   Type           Power        Failure   Level  Hunger
 Animate Skeleton         Necr           N/A          75%         1    ##.....
 Apportation              Tloc           #.....       75%         1    ##.....
 Confusing Touch          Hex            #.....       75%         1    ##.....
 Magic Dart               Conj           #...         75%         1    ##.....
 Summon Small Mammal      Summ           #...         75%         1    ##.....
 Call Imp                 Summ           #.......     86%         2    ###....
 Poisonous Vapours        Pois/Air       #.....       86%         2    ###....
 Slow                     Hex            #.......     86%         2    ###....
 Conjure Flame            Conj/Fire      #.......     98%         3    ####...
 Mephitic Cloud           Conj/Pois/Air  #.......     98%         3    ####...
 Freezing Cloud           Conj/Ice/Air   #.........   100%        6    #######
 Ring of Flames           Chrm/Fire      #.........   100%        7    #######


Dungeon Overview and Level Annotations

Branches:
Dungeon (12/15)            Temple (0/1) D:6            Lair (2/6) D:11
 Shoals (0/4) Lair:2          Orc (0/2) D:11        Ossuary (visited)
Gauntlet (1/1)
  Snake: Lair:2-4    Spider: Lair:2-4

Shops:
D:4 :   D:5 [?:   D:7 *

Annotations:
D:11 2 runed translucent doors, Ratty's ghost, journeyman MiFi Gauntlet 6 transporters


Innate Abilities, Weirdness & Mutations

You have an increased reservoir of magic. (+10% MP)
You have sharp fingernails.
Your skin changes colour to match your surroundings (Stealth+).
You are dopey. (Int -2)
You are weak. (Str -2)


Message History

You barely miss the minotaur.
The minotaur is heavily wounded.
The minotaur hits you with the +11 trident "Oxo Kukk" {elec, rN+ MR- Int+2}!!
* * * LOW HITPOINT WARNING * * *
The minotaur misses you.
You feel much better. You block the minotaur's attack. The minotaur gores you!
* * * LOW HITPOINT WARNING * * *
Unknown command.
A red film seems to cover your vision as you go berserk!
You feel yourself moving faster!
You feel mighty!
The minotaur hits you with the +11 trident "Oxo Kukk" {elec, rN+ MR- Int+2}!!
* * * LOW HITPOINT WARNING * * *
You block the minotaur's attack.
You puncture the minotaur!
The minotaur is severely wounded.
You puncture the minotaur!
The minotaur looks as sick as possible!
The minotaur is severely wounded.
You barely miss the minotaur.
The minotaur furiously retaliates!
The minotaur headbutts you!
You die...

#≈...... ###.......
#8#..##### ###..####.
#..#.#.. #####..##...
#≈8≈#..#}###
########...#..#©.##
#(@......8.#..#.##.
##H##.###...#..#.##.
#8.(......8.#..#....
#.....#.#...#..#..#.
########.#.#...#..#####
8:8[8.8#H.(#.©.#≈......
∩....H.'.###...#∩......
8[8/8.8#...#.©.#≈......
########.#.#...#..#####


You could see a minotaur.

Vanquished Creatures
  Harold (D:8)
  Erica (D:8)
  7 two-headed ogres
  Sonja (D:10)
  5 skeletal warriors
  2 unseen horrors
  A necromancer (Gauntlet)
  2 deep elf magi (D:12)
  A shining eye (Gauntlet)
  A wolf spider (Gauntlet)
  3 ugly things
  A cyclops (D:9)
  2 manticores (D:11)
  A moth of wrath (Gauntlet)
  2 spiny frogs (Lair:1)
  Psyche (D:8)
  A komodo dragon (Lair:2)
  A kobold demonologist (D:11)
  A yaktaur (D:12)
  4 trolls
  Grinder (D:3)
  3 hippogriffs
  3 redbacks (Gauntlet)
  10 yaks
  2 steam dragons
  Grum (D:11)
  A golden eye (Gauntlet)
  4 water moccasins
  An acid dragon (D:7)
  3 porcupines (Lair:1)
  A black bear (D:11)
  5 orc warriors
  A swamp drake (D:11)
  3 sky beasts
  An eye of draining (D:10)
  3 ice beasts
  6 ogres
  9 centaurs
  A necrophage (D:10)
  3 phantoms
  8 wolves
  3 crocodiles
  4 big kobolds
  3 elf zombies (Ossuary)
  8 bullfrogs
  3 scorpions
  A water moccasin skeleton (D:5)
  3 killer bees (D:10)
  5 howler monkeys
  22 wights
  3 jellies
  3 crimson imps
  A bullfrog zombie (D:10)
  9 centaur zombies
  8 hounds
  A gnoll shaman (D:7)
  7 orc priests
  3 human zombies (Ossuary)
  2 bullfrog skeletons
  4 centaur skeletons
  10 orc wizards
  4 iguanas
  12 worker ants
  A hound skeleton (D:7)
  3 mummies (Ossuary)
  2 worker ant zombies (D:8)
  A howler monkey zombie (D:8)
  9 gnolls
  A howler monkey skeleton (D:7)
  13 adders
  8 shadow imps
  3 adder skeletons
  4 worms
  2 dart slugs
  5 leopard geckos
  42 orcs
  2 ball pythons (D:4)
  8 giant cockroaches
  7 goblins
  8 hobgoblins
  4 jackals
  4 quokkas
  9 bats
  4 frilled lizards
  A jackal skeleton (D:4)
  17 kobolds
  A quokka skeleton (D:8)
  8 rats
395 creatures vanquished.

Vanquished Creatures (others)
  5 dream sheep (D:10)
  2 plants (Gauntlet)
7 creatures vanquished.

Grand Total: 402 creatures vanquished

Notes
Turn   | Place    | Note
-------+----------+-------------------------------------------
     0 | D:1      | floatRand the Demigod Fighter began the quest for the Orb.
     0 | D:1      | Reached XP level 1. HP: 18/18 MP: 3/3
   111 | D:1      | Reached skill level 3 in Shields
   171 | D:1      | Reached XP level 2. HP: 25/25 MP: 4/4
   642 | D:2      | Reached XP level 3. HP: 23/30 MP: 5/5
   949 | D:2      | Reached XP level 4. HP: 9/37 MP: 6/6
  1735 | D:3      | Noticed Grinder
  1751 | D:3      | Killed Grinder
  1751 | D:3      | Reached skill level 4 in Shields
  1751 | D:3      | Reached XP level 5. HP: 22/42 MP: 7/7
  2157 | D:3      | Reached XP level 6. HP: 49/50 MP: 8/8
  2691 | D:4      | Found Ysifaar's Book Shop.
  2922 | D:4      | Reached skill level 5 in Shields
  3190 | D:4      | Reached XP level 7. HP: 51/56 MP: 9/9
  3729 | D:5      | Entered Level 5 of the Dungeon
  3758 | D:5      | Reached skill level 5 in Long Blades
  4352 | D:5      | Found Qedulingikh's Antique Armour Boutique.
  4464 | D:5      | Found Ilaewk's Book Shop.
  4621 | D:5      | Found a burning altar of Makhleb.
  4716 | D:5      | Found Paurghav's Magic Scroll Boutique.
  5347 | D:6      | Reached skill level 6 in Shields
  5393 | D:6      | Reached XP level 8. HP: 43/62 MP: 10/10
  5535 | D:6      | Reached skill level 5 in Stealth
  5954 | D:6      | Found a staircase to the Ecumenical Temple.
  6625 | D:6      | Got an iridescent spear
  6626 | D:6      | Identified the +8 spear of Fee Simple {venom, rElec rPois
                  | Dex+4} (You found it on level 6 of the Dungeon)
  6731 | D:7      | Reached skill level 1 in Polearms
  6762 | D:7      | Found a sand-covered staircase.
  6767 | Ossuary  | Entered an ossuary
  6967 | Ossuary  | Reached skill level 7 in Shields
  7253 | D:7      | Reached XP level 9. HP: 68/68 MP: 11/11
  7895 | D:7      | Found Lelomi's Assorted Antiques.
  8124 | D:5      | Bought an ichor-stained scale mail for 216 gold pieces
  8124 | D:5      | Identified the +3 scale mail "Domaunt" {Stlth+} (You bought
                  | it in a shop on level 5 of the Dungeon)
  8617 | D:8      | Found a glowing silver altar of Zin.
  8664 | D:8      | Reached skill level 5 in Polearms
  9096 | D:8      | Noticed Harold
  9123 | D:8      | Killed Harold
  9123 | D:8      | Reached skill level 8 in Shields
  9470 | D:8      | Noticed a two-headed ogre
  9480 | D:8      | Killed a two-headed ogre
  9480 | D:8      | Reached XP level 10. HP: 74/74 MP: 13/13
  9533 | D:8      | Noticed Psyche
  9533 | D:8      | Noticed a two-headed ogre
  9540 | D:8      | Killed a two-headed ogre
  9550 | D:8      | Killed Psyche
  9720 | D:8      | Noticed Erica
  9730 | D:8      | Killed Erica
  9854 | D:9      | Noticed a two-headed ogre
  9870 | D:9      | Killed a two-headed ogre
 10188 | D:9      | Reached skill level 9 in Shields
 10778 | D:9      | Noticed a cyclops
 10807 | D:9      | Killed a cyclops
 10807 | D:9      | Reached skill level 1 in Dodging
 10977 | D:10     | Entered Level 10 of the Dungeon
 11153 | D:5      | Bought a glowing scarf for 192 gold pieces
 11362 | D:10     | Noticed Sonja
 11374 | D:10     | Killed Sonja
 11374 | D:10     | Reached XP level 11. HP: 82/82 MP: 14/14
 11505 | D:10     | Killed an unseen horror
 11555 | D:10     | Found a shimmering altar of Xom.
 12278 | D:10     | Noticed a two-headed ogre
 12293 | D:10     | Killed a two-headed ogre
 12532 | D:11     | Noticed a skeletal warrior
 12532 | D:11     | Noticed a skeletal warrior
 12532 | D:11     | Noticed a skeletal warrior
 12532 | D:11     | Noticed a skeletal warrior
 12567 | D:10     | Killed a skeletal warrior
 12732 | D:11     | Noticed a two-headed ogre
 12756 | D:11     | Killed a two-headed ogre
 13058 | D:10     | Killed a skeletal warrior
 13366 | D:11     | Killed a skeletal warrior
 13638 | D:11     | Noticed a two-headed ogre
 13639 | D:11     | Noticed a skeletal warrior
 13695 | D:11     | Killed a skeletal warrior
 13709 | D:11     | Killed a two-headed ogre
 14221 | D:11     | Paralysed by a wight for 7 turns
 14233 | D:11     | Paralysed by a wight for 3 turns
 14366 | D:11     | Reached skill level 5 in Fighting
 14442 | D:11     | Reached skill level 10 in Shields
 14546 | D:11     | Noticed Grum
 14570 | D:11     | Reached skill level 10 in Stealth
 14674 | D:11     | Killed an unseen horror
 14758 | D:11     | Reached XP level 12. HP: 89/94 MP: 15/15
 14765 | D:11     | Killed Grum
 15093 | D:11     | Found a staircase to the Lair.
 15162 | D:11     | Found a large runed translucent door.
 15163 | D:11     | Found a large runed translucent door.
 15165 | D:11     | Noticed Ratty's ghost (journeyman MiFi)
 15257 | D:11     | Found a staircase to the Orcish Mines.
 15677 | D:12     | Found a stormy altar of Qazlal.
 15704 | D:12     | Reached skill level 5 in Dodging
 15845 | D:12     | Reached skill level 10 in Polearms
 15911 | D:12     | Learned a level 2 spell: Blink
 16207 | D:12     | Got a crude morningstar
 16699 | Lair:1   | Entered Level 1 of the Lair of Beasts
 16958 | D:5      | Bought a shimmering ring mail for 216 gold pieces
 16958 | D:5      | Bought a glowing cloak for 180 gold pieces
 16958 | D:5      | Identified the +3 morningstar of Fury {venom, rPois} (You
                  | found it on level 12 of the Dungeon)
 16959 | D:5      | Identified the +3 ring mail of Midwinter {rC+ rN+ Dex+4
                  | Stlth-} (You bought it in a shop on level 5 of the Dungeon)
 17486 | Lair:1   | Noticed a six-headed hydra
 17577 | Lair:2   | Found a staircase to the Shoals.
 17697 | Lair:2   | Found a gate leading to a gauntlet.
 17705 | Gauntlet | Entered a Gauntlet
 17705 | Gauntlet | Found a transporter.
 17705 | Gauntlet | Found a transporter.
 17706 | Gauntlet | Found a transporter.
 17706 | Gauntlet | Found a transporter.
 17709 | Gauntlet | Found a transporter.
 17709 | Gauntlet | Found a transporter.
 17719 | Gauntlet | Found a transporter.
 17723 | Gauntlet | Found a transporter.
 17736 | Gauntlet | Found a transporter.
 17771 | Gauntlet | Found a transporter.
 17788 | Gauntlet | Found a transporter.
 17792 | Gauntlet | Found a transporter.
 18118 | Gauntlet | Gained mutation: You are frail. (-10% HP) [a shining eye]
 18121 | Gauntlet | Gained mutation: You are dopey. (Int -2) [a shining eye]
 18131 | Gauntlet | Lost mutation: You are frail. (-10% HP) [potion of
                  | mutation]
 18131 | Gauntlet | Lost mutation: You are dopey. (Int -2) [potion of mutation]
 18131 | Gauntlet | Gained mutation: Your skin changes colour to match your
                  | surroundings (Stealth+). [potion of mutation]
 18131 | Gauntlet | Gained mutation: You are dopey. (Int -2) [potion of
                  | mutation]
 18131 | Gauntlet | Gained mutation: You are weak. (Str -2) [potion of
                  | mutation]
 18131 | Gauntlet | Gained mutation: You have sharp fingernails. [potion of
                  | mutation]
 18197 | Gauntlet | Reached skill level 11 in Shields
 18511 | Gauntlet | Identified the +11 trident "Oxo Kukk" {elec, rN+ MR- Int+2}
 18511 | Gauntlet | Noticed a minotaur
 18535 | Gauntlet | Headbutted by a minotaur

Levels and vault maps discovered:
D:1:      roderic_octagonal_star, layout_rooms
D:2:      layout_loops_cross
D:3:      layout_rooms, uniq_grinder
D:4:      layout_cave_pods, first_ration, serial_shops, shop
D:5:      layout_layer_cave, serial_shops, shop, shop, shop,
          kennysheep_cross_bottleneck, hangedman_decor_peaks_small,
          makhleb_heckhound_becter
D:6:      layout_loops_cross, temple_fountains, dk_rats_in_the_wall
D:7:      layout_basic, nicolae_ossuary_entry_plus, serial_shops,
          kennysheep_little_box
D:8:      layout_basic, kennysheep_mini, uniq_erica, uniq_psyche, uniq_harold
D:9:      layout_basic, chequers_serial_rivers_large_b
D:10:     layout_small_grid, blue_anna_alchemist [blue_anna_fruit_fields,
          blue_anna_fruit_fields], kb_xom_exploding_sheep, uniq_sonja
D:11:     cheibrodos_fzero, layout_loops_ring, lair_entry_dummy, erik_orc_1,
          ebering_ghost_disaster_area, serial_park_tiny_2, minmay_orc_keep,
          uniq_grum
D:12:     layout_rooms, grunt_qazlal_sundering
Lair:1:   layout_long_grid, st_stairs_9
Lair:2:   hangedman_what_comes_after_a, layout_layer_cave, shoals_dummy_entry,
          gauntlet_entry_generic, uniq_fannar, uniq_urug
Gauntlet: gammafunk_gauntlet_hard_choice [nicolae_gauntlet_swirl,
          nicolae_gauntlet_arena_blocks, nicolae_gauntlet_arena_grate_2,
          nicolae_gauntlet_arena_quarters, gammafunk_gauntlet_arena_spirals,
          gammafunk_gauntlet_arena_mazey,
          nicolae_gauntlet_exit_dead_adventurers]

Skill      XL: |  1  2  3  4  5  6  7  8  9 10 11 12 |
---------------+-------------------------------------+-----
Long Blades    | 2 3 4 5 6 |  6.3
Shields        | 3 4 5 6 7 8 9 10 11 | 11.0
Stealth        | 2 3 4 6 7 9 10 | 10.5
Polearms       | 3 6 8 9 10 | 10.6
Fighting       | 3 5 6 |  6.0
Dodging        | 1 4 6 |  6.3
Armour         | 4 |  4.4

Action                   |  1- 3 |  4- 6 |  7- 9 | 10-12 || total
-------------------------+-------+-------+-------+-------++-------
Melee: Long sword        |   152 |   162 |   242 |       ||   556
       Spear             |       |       |   345 |  1163 ||  1508
Evoke: Wand              |       |       |     4 |     4 ||     8
  Use: Potion            |     2 |     1 |     1 |     4 ||     8
       Scroll            |       |    10 |     8 |    10 ||    28
 Stab: Sleeping          |       |       |     9 |    33 ||    42
       Distracted        |       |       |     2 |    12 ||    14
       Paralysed         |       |       |     5 |       ||     5
  Eat: Chunk             |       |     8 |    17 |    16 ||    41
       Ration            |       |       |     1 |     4 ||     5
Armor: Scale mail        |    65 |    60 |   129 |   121 ||   375
Dodge: Dodged            |    76 |    38 |    93 |   257 ||   464
Block: Shield            |   102 |   108 |   301 |   425 ||   936
       Rpst.: Long sword |    30 |    10 |    18 |       ||    58

Table legend:
 A = Non-vault XP
 B = Vault XP
 C = Vault XP percentage of total XP
 D = Non-vault monster count
 E = Vault monster count
 F = Vault count percentage of total count
                 A         B        C        D         E       F
            +---------+---------+-------+---------+---------+-------
      Total |   30761 |   12393 |  28.7 |     314 |      81 |  20.5
            +---------+---------+-------+---------+---------+-------
        D:1 |      40 |       0 |   0.0 |      24 |       0 |   0.0
        D:2 |      92 |       0 |   0.0 |      26 |       0 |   0.0
        D:3 |      58 |     295 |  83.6 |      12 |       1 |   7.7
        D:4 |     496 |       0 |   0.0 |      23 |       0 |   0.0
        D:5 |     526 |      40 |   7.1 |      14 |       1 |   6.7
        D:6 |     868 |       0 |   0.0 |      25 |       0 |   0.0
        D:7 |    1192 |       0 |   0.0 |      30 |       0 |   0.0
        D:8 |    2761 |    2298 |  45.4 |      27 |       3 |  10.0
        D:9 |    3195 |       0 |   0.0 |      32 |       0 |   0.0
       D:10 |    4361 |     914 |  17.3 |      23 |       2 |   8.0
       D:11 |    7770 |    4311 |  35.7 |      42 |      44 |  51.2
       D:12 |    5719 |       0 |   0.0 |      18 |       0 |   0.0
     Lair:1 |    1775 |     143 |   7.5 |       9 |       1 |  10.0
     Lair:2 |    1908 |       0 |   0.0 |       9 |       0 |   0.0
    Ossuary |       0 |     736 | 100.0 |       0 |      15 | 100.0
   Gauntlet |       0 |    3656 | 100.0 |       0 |      14 | 100.0
            +---------+---------+-------+---------+---------+-------
